 Dungeon Crawl Stone Soup version 0.29.1-12-g30fa7ad0bf (webtiles) character file.

Game seed: 17365810973908933260

109 wormed the Ducker (level 4, -6/41 HPs)
             Began as a Gnoll Monk on Dec 24, 2022.
             Was a Follower of Uskayaw.
             Killed by divine providence
             ... invoked by an orc priest
              (14 damage)
             ... on level 3 of the Dungeon.
             The game lasted 00:05:02 (3201 turns).

wormed the Ducker (Gnoll Monk)                      Turns: 3201, Time: 00:05:03

Health: -6/41      AC:  3    Str: 10    XL:     4   Next: 90%
Magic:  0/6        EV: 14    Int: 10    God:    Uskayaw [*.....]
Gold:   152        SH:  0    Dex: 16    Spells: 5/5 levels left

rFire   . . .      SeeInvis .   a - +0 short sword
rCold   . . .      Faith    .   (no shield)
rNeg    . . .      Spirit   .   h - +0 leather armour
rPois   .          Reflect  .   (no helmet)
rElec   .          Harm     .   (no cloak)
rCorr   .          Rampage  .   (no gloves)
Will    .....                   (no boots)
Stlth   +++.......              (no amulet)
HPRegen 0.13/turn               (no ring)
MPRegen 0.10/turn               (no ring)

@: no status effects
A: fangs 1, strong nose, distributed training
a: Renounce Religion, Stomp


You were on level 3 of the Dungeon.
You worshipped Uskayaw.
Uskayaw was noncommittal.
You visited 1 branch of the dungeon, and saw 3 of its levels.

You collected 152 gold pieces.

Inventory:

Hand Weapons
 a - a +0 short sword (weapon)
Armour
 b - a +0 robe
 h - a +0 leather armour (worn)
 q - an orb of light
Jewellery
 s - an amulet of guardian spirit
Scrolls
 e - 4 scrolls of identify {unknown}
 f - a scroll of amnesia {unknown}
 g - 3 scrolls of enchant weapon {unknown}
 i - a scroll of fear {unknown}
 k - a scroll of vulnerability {unknown}
 n - 2 scrolls of fog {unknown}
 o - a scroll of teleportation {unknown}
 p - a scroll of summoning {unknown}
 r - 2 scrolls of torment {unknown}
 u - a scroll of magic mapping {unknown}
Potions
 c - a potion of ambrosia
 j - a potion of cancellation {unknown}
 l - a potion of haste {unknown}
 m - 2 potions of flight {unknown}
 t - a potion of lignification {unknown}


   Skills:
 + Level 6.6 Fighting
 + Level 6.6 Short Blades
 + Level 1.3 Long Blades
 + Level 1.3 Axes
 + Level 1.3 Maces & Flails
 + Level 1.3 Polearms
 + Level 1.3 Staves
 + Level 1.3 Ranged Weapons
 + Level 1.3 Throwing
 + Level 1.3 Armour
 + Level 6.6 Dodging
 + Level 4.3 Stealth
 + Level 1.3 Shields
 + Level 1.3 Unarmed Combat
 + Level 1.3 Spellcasting
 + Level 1.1 Conjurations
 + Level 1.1 Hexes
 + Level 1.1 Summonings
 + Level 1.1 Necromancy
 + Level 1.1 Translocations
 + Level 1.1 Transmutations
 + Level 1.1 Fire Magic
 + Level 1.1 Ice Magic
 + Level 1.1 Air Magic
 + Level 1.1 Earth Magic
 + Level 1.1 Poison Magic
 + Level 1.5 Invocations
 + Level 1.3 Evocations


You had 5 spell levels left.
You didn't know any spells.
Your spell library was empty.

Dungeon Overview and Level Annotations

Branches:
Dungeon (3/15)

Altars:
Uskayaw


Innate Abilities, Weirdness & Mutations

You have very sharp teeth.
Your uncanny sense of smell can sniff out nearby items.
Your experience applies equally to all skills.


Message History

* * * LOW HITPOINT WARNING * * *
You hit the orc priest but do no damage.
The orc priest is heavily wounded.
The orc priest barely misses you.
You hit the orc priest but do no damage.
The orc priest is heavily wounded.
The orc priest barely misses you.
You completely miss the orc priest.
The orc priest is heavily wounded.
You hit the orc priest but do no damage.
You bite the orc priest, but do no damage.
The orc priest is heavily wounded.
The orc priest looks satisfied for a moment.
You can no longer pass through a line of other dancers.
You stomp with the beat, sending a shockwave through the revellers around you!
The orc priest is severely wounded.
You can no longer stomp with the beat.
The orc priest hits you with a +0 whip.
* * * LOW HITPOINT WARNING * * *
You can now stomp with the beat.
You hit the orc priest but do no damage.
The orc priest is severely wounded.
The orc priest hits you but does no damage.
You hit the orc priest.
The orc priest is almost dead.
The orc priest barely misses you.
You hit the orc priest but do no damage.
The orc priest is almost dead.
The orc priest barely misses you.
You hit the orc priest but do no damage.
You punch the orc priest, but do no damage.
The orc priest is almost dead.
You completely miss the orc priest.
The orc priest is almost dead.
The orc priest barely misses you.
You hit the orc priest.
The orc priest is almost dead.
The orc priest mumbles some strange prayers to Beogh against you.
Beogh smites you!
You die...

.### #.# #.# ...# #.#
#.######## .#.### #.#
#.##...... .....#####.#
#.##.##### ...........#
#######.##.# #. ...#.#######
#.....#.##.##### .#.#.#
###.###...##.##... .#.#.#
#o)...###.......## ...#.#
#@..).# ####.##### .###.#
#8.#.#.8# #...... .###.#
##.###.## ####### .....# ##.
## .##### . .# .. .# 8)
#########
.#################_###.).....#
.##..............###...#####.#
#


You could see an orc priest.

Vanquished Creatures
  3 adders
  3 worms (D:2)
  4 orcs (D:3)
  4 ball pythons
  7 endoplasms
  3 giant cockroaches
  9 goblins
  7 hobgoblins
  7 kobolds
  4 quokkas
  5 bats
  3 frilled lizards
  5 rats
64 creatures vanquished.

Notes
Turn   | Place    | Note
-------+----------+-------------------------------------------
     0 | D:1      | wormed the Gnoll Monk began the quest for the Orb.
     0 | D:1      | Reached XP level 1. HP: 23/23 MP: 1/1
   392 | D:1      | Reached XP level 2. HP: 29/29 MP: 2/2
  1056 | D:2      | Reached XP level 3. HP: 30/35 MP: 2/4
  1241 | D:2      | Found a faded altar of an unknown god.
  1311 | D:2      | Prayed at the altar of an unknown god.
  1311 | D:2      | Became a worshipper of Uskayaw the Reveller
  1311 | D:2      | Reached * piety under Uskayaw
  1311 | D:2      | Reached ** piety under Uskayaw
  1371 | D:2      | Reached skill level 1 in Invocations
  1560 | D:2      | Reached skill level 1 in Long Blades
  1560 | D:2      | Reached skill level 1 in Axes
  1560 | D:2      | Reached skill level 1 in Maces & Flails
  1560 | D:2      | Reached skill level 1 in Polearms
  1560 | D:2      | Reached skill level 1 in Staves
  1560 | D:2      | Reached skill level 1 in Ranged Weapons
  1560 | D:2      | Reached skill level 1 in Throwing
  1560 | D:2      | Reached skill level 1 in Armour
  1560 | D:2      | Reached skill level 1 in Shields
  1560 | D:2      | Reached skill level 1 in Unarmed Combat
  1560 | D:2      | Reached skill level 1 in Spellcasting
  1560 | D:2      | Reached skill level 1 in Evocations
  1811 | D:2      | Reached XP level 4. HP: 34/41 MP: 5/5
  2449 | D:3      | Reached skill level 1 in Conjurations
  2449 | D:3      | Reached skill level 1 in Hexes
  2449 | D:3      | Reached skill level 1 in Summonings
  2449 | D:3      | Reached skill level 1 in Necromancy
  2449 | D:3      | Reached skill level 1 in Translocations
  2449 | D:3      | Reached skill level 1 in Transmutations
  2449 | D:3      | Reached skill level 1 in Fire Magic
  2449 | D:3      | Reached skill level 1 in Ice Magic
  2449 | D:3      | Reached skill level 1 in Air Magic
  2449 | D:3      | Reached skill level 1 in Earth Magic
  2449 | D:3      | Reached skill level 1 in Poison Magic
  3168 | D:3      | Found the +7 staff of the Meek {protect, meekguard}
  3201 | D:3      | Killed from afar by an orc priest

Illustrated notes

Levels and vault maps discovered:
D:1:      heliophobic_arrival_dark_side_of_the_moon, layout_basic
D:2:      cheibrodos_greedy_goblins, layout_basic, ebering_ecumenical_altar_rust
D:3:      layout_loops_corners, pf_guarded_unrand_meek

Skill      XL: |  1  2  3  4 |
---------------+-------------+-----
Invocations    | 1 |  1.5
Long Blades    | 1 |  1.3
Axes           | 1 |  1.3
Maces & Flails | 1 |  1.3
Polearms       | 1 |  1.3
Staves         | 1 |  1.3
Ranged Weapons | 1 |  1.3
Throwing       | 1 |  1.3
Armour         | 1 |  1.3
Shields        | 1 |  1.3
Unarmed Combat | 1 |  1.3
Spellcasting   | 1 |  1.3
Evocations     | 1 |  1.3
Conjurations   | 1 |  1.1
Hexes          | 1 |  1.1
Summonings     | 1 |  1.1
Necromancy     | 1 |  1.1
Translocations | 1 |  1.1
Transmutations | 1 |  1.1
Fire Magic     | 1 |  1.1
Ice Magic      | 1 |  1.1
Air Magic      | 1 |  1.1
Earth Magic    | 1 |  1.1
Poison Magic   | 1 |  1.1
Fighting       | |  6.6
Short Blades   | |  6.6
Dodging        | |  6.6
Stealth        | |  4.3

Action                   |  1- 3 |  4- 6 || total
-------------------------+-------+-------++-------
Melee: Short sword       |   117 |   125 ||   242
       Bite              |    12 |    13 ||    25
       Punch             |     1 |     2 ||     3
Invok: Line Pass         |     1 |     1 ||     2
       Stomp             |       |     3 ||     3
  Use: Potion            |       |     2 ||     2
 Stab: Sleeping          |     4 |    10 ||    14
Armor: Robe              |     5 |       ||     5
       Leather armour    |    13 |    12 ||    25
Dodge: Dodged            |    78 |    64 ||   142
